Map: Alcyone LE

Players

A.I. 1 (Very Easy)

  • Race: Terran Terran
  • Spawn Location: 7:00

BuRny - Winner!

  • Race: Terran Terran
  • Spawn Location: 1:00

VOD

Have the link to the VOD?

Description

Time

  • Played on: Jan. 20, 2024, 9:51 a.m.
  • Length: 7:27
Show
View Real Time Build Order
Export as new Build Order

A.I. 1 (Very Easy) Terran 

Build Orders:  

Get SALT Encoding   

  12  0:00  SCV  
  13  0:13  SCV  
  14  0:18  Supply Depot  
  14  0:37  Refinery  
  14  0:41  Barracks  
  14  1:05  Supply Depot  
  14  1:12  Refinery  
  14  1:27  Marine  
  14  1:29  SCV  
  16  1:41  SCV  
  17  1:53  SCV  
  18  2:02  Marine  
  18  2:05  SCV  
  20  2:18  SCV  
  21  2:30  SCV  
  21  2:36  Marine  
  23  2:43  Orbital Command  
  23  5:55  SCV, Marine  
  25  5:58  Supply Depot  
  25  6:00  Factory  
  25  6:20  SCV  
  25  6:23  Supply Depot  
  26  6:30  Barracks Tech Lab  
  26  6:32  SCV  
  24  6:44  SCV  
  24  6:46  Starport  
  25  6:48  Command Center, Marine  
  26  6:56  SCV  
  22  7:08  SCV  
Show
View Real Time Build Order
Export as new Build Order

BuRny Terran - Winner!

Build Orders: Cyclone Opening 

Get SALT Encoding   

  12  0:00  SCV  
  13  0:12  SCV  
  14  0:17  Supply Depot  
  14  0:24  SCV  
  15  0:38  SCV  
  15  0:40  Barracks  
  16  0:43  Refinery  
  16  0:50  SCV  
  16  0:52  Refinery  
  17  1:03  SCV  
  18  1:15  SCV  
  19  1:28  Reaper  
  19  1:29  Orbital Command  
  19  1:32  Supply Depot  
  20  1:42  Factory  
  20  1:55  SCV  
  20  2:01  Reaper  
  22  2:07  SCV  
  23  2:18  Command Center  
  23  2:22  SCV  
  24  2:29  Cyclone  
  26  2:34  Barracks Reactor, SCV  
  27  2:45  Starport  
  27  2:46  SCV  
  28  2:57  Supply Depot  
  28  2:58  SCV  
  28  3:01  Factory Tech Lab  
  29  3:10  Marine x2  
  31  3:18  SCV  
  35  3:20  Siege Tank  
  35  3:22  Starport Tech Lab  
  35  3:30  Marine x2  
  35  3:31  SCV  
  35  3:32  Orbital Command  
  38  3:43  SCV  
  39  3:51  Barracks, Starport Reactor  
  39  3:53  Siege Tank  
  39  3:55  SCV  
  43  3:56  Marine  
  43  4:00  SCV  
  45  4:06  Stimpack  
  45  4:07  SCV  
  46  4:12  SCV  
  46  4:13  Barracks  
  46  4:14  Marine  
  48  4:19  SCV  
  48  4:20  Supply Depot  
  50  4:24  SCV  
  50  4:31  SCV  
  50  4:33  Marine  
  50  4:36  SCV  
  53  4:39  Starport Reactor  
  53  4:41  Refinery  
  53  4:42  Marine x2  
  53  4:43  SCV  
  53  4:44  Supply Depot  
  56  4:46  Siege Tank  
  56  4:48  SCV  
  60  4:53  Supply Depot  
  60  4:55  SCV  
  60  4:58  Marine  
  62  5:05  SCV, Marine x2  
  62  5:06  Supply Depot  
  65  5:07  SCV  
  65  5:10  Marine x2  
  68  5:15  Medivac x2  
  68  5:17  SCV  
  68  5:19  SCV  
  74  5:22  Marine  
  74  5:26  Supply Depot  
  74  5:27  Marine x2  
  77  5:29  Supply Depot  
  77  5:30  SCV  
  77  5:32  SCV  
  79  5:36  Marine x2  
  79  5:40  Marine  
  79  5:42  SCV  
  83  5:44  SCV  
  83  5:45  Medivac  
  83  5:47  Marine x2, Medivac  
  90  5:51  Combat Shield, Supply Depot  
  90  5:54  Marine x2, SCV  
  90  5:56  SCV  
  94  5:58  Marine  
  94  5:59  Engineering Bay  
  94  6:03  Engineering Bay  
  95  6:05  Marine  
  95  6:06  SCV  
  95  6:07  Refinery  
  95  6:09  Marine  
  95  6:10  Siege Tank  
  101  6:11  SCV  
  101  6:12  Marine  
  101  6:15  Supply Depot  
  103  6:28  Marine x4  
  107  6:37  SCV x2  
  108  6:42  Marine  
  108  6:43  Command Center  
  109  6:48  Siege Tank, Marine  
  109  6:50  Marine  
  109  6:51  Marine  
  115  6:56  SCV x2  
  115  7:01  Supply Depot  
  117  7:09  SCV  
  128  7:24  Supply Depot  
Tags
 
Matchup
TvT
Race
Terran
Spawn Locations
Cross Positions
Add a new tag
Caveats
  • Supply blocks, unpowered buildings, or Contaminate may cause inaccurate times.
  • Supply counts are checked every 10 seconds.